 Dungeon Crawl Stone Soup version 0.30-a0-726-gd89dcf765f (webtiles) character file.

Game seed: 2283700905013409977

365 Arximoufas the Conjurer (level 6, 0/31 (32) HPs)
             Began as a Deep Elf Conjurer on Jan 29, 2023.
             Slain by an iguana (13 damage)
             ... on level 4 of the Dungeon.
             The game lasted 00:07:26 (3953 turns).

Arximoufas the Conjurer (Deep Elf Conjurer)         Turns: 3953, Time: 00:07:27

HP:   0/31 (32)     AC:  2    Str:  4    XL:     6   Next: 40%
MP:   8/17          EV: 12    Int: 25    God:
Gold: 169           SH:  0    Dex: 13    Spells: 11/17 levels left

rFire   . . .      SeeInvis .    (no weapon)
rCold   . . .      Faith    .    (no shield)
rNeg    . . .      Spirit   .    a - +0 robe
rPois   .          Reflect  .    (no helmet)
rElec   .          Harm     .    (no cloak)
rCorr   .          Rampage  .    (no gloves)
Will    .....                    (no boots)
Stlth   +++                      h - amulet of regeneration
HPRegen 1.05/turn                d - +4 ring of slaying
MPRegen 0.15/turn                (no ring)

@: lightly drained
A: no striking features
a: no special abilities


You were on level 4 of the Dungeon.
You visited 2 branches of the dungeon, and saw 5 of its levels.

You collected 169 gold pieces.

Inventory:

Missiles
 i - 12 poisoned darts
Armour
 a - a +0 robe (worn)
Jewellery
 d - a +4 ring of slaying (left hand)
 h - an amulet of regeneration (around neck)
Wands
 q - a wand of flame (7)
Scrolls
 b - a scroll of noise {unknown}
 f - a scroll of blinking {unknown}
 g - 4 scrolls of identify {unknown}
 j - a scroll of enchant weapon {unknown}
 l - 2 scrolls of poison {unknown}
 n - a scroll of fear {unknown}
Potions
 c - a potion of resistance {unknown}
 e - a potion of haste {unknown}
 k - 3 potions of curing {unknown}
 m - a potion of ambrosia {unknown}
 o - 2 potions of attraction {unknown}
 p - a potion of degeneration {unknown}
 r - a potion of lignification {unknown}
 s - a potion of might {unknown}


   Skills:
 - Level 2.4 Dodging
 - Level 5.0 Stealth
 - Level 6.0 Spellcasting
 - Level 6.1 Conjurations
 + Level 0.3 Air Magic
 + Level 0.5 Poison Magic


You had 11 spell levels left.
You knew the following spells:

 Your Spells              Type           Power      Damage    Failure   Level
a - Magic Dart            Conj           100%       1d8       1%          1
b - Poisonous Vapours     Pois/Air       18%        N/A       10%         2
c - Mephitic Cloud        Conj/Pois/Air  19%        N/A       9%          3

Your spell library contained the following spells:

 Spells                   Type           Power      Damage    Failure   Level
 Searing Ray              Conj           76%        2d7       1%          2
 Dazzling Flash           Conj/Hex       44%        N/A       6%          3
 Cigotuvi's Dreadful Rot  Necr/Pois/Air  18%        N/A       10%         2
 Fulminant Prism          Conj/Hex       11%        3d9       22%         4
 Iskenderun's Mystic Bla  Conj/Tloc      22%        2d6       22%         4


Dungeon Overview and Level Annotations

Branches:
Dungeon (4/15)             Temple (1/1) D:4

Altars:
Dithmenos
Fedhas
Gozag
Hepliaklqana
Kikubaaqudgha
Makhleb
Nemelex Xobeh
Okawaru
Sif Muna
Trog
Yredelemnul
The Shining One

Shops:
D:1 !   D:4 *


Message History

The magic dart hits the iguana.
The iguana is moderately wounded.
The iguana bites you.
Aiming: Magic Dart (safe; 1% risk of failure)
Press: ? - help, Q - select action, (/) - cycle Shift-Dir - straight line, f/p - iguana
Aim: an iguana (moderately wounded, 100% to hit)
The magic dart hits the iguana.
The iguana is moderately wounded.
The iguana closely misses you.
Aiming: Magic Dart (safe; 1% risk of failure)
Press: ? - help, Q - select action, (/) - cycle Shift-Dir - straight line, f/p - iguana
Aim: an iguana (moderately wounded, 100% to hit)
The magic dart hits the iguana but does no damage.
The iguana is moderately wounded.
The iguana bites you.
Aiming: Magic Dart (safe; 1% risk of failure)
Press: ? - help, Q - select action, (/) - cycle Shift-Dir - straight line, f/p - iguana
Aim: an iguana (moderately wounded, 100% to hit)
The magic dart hits the iguana but does no damage.
The iguana is moderately wounded.
The iguana bites you!
Aiming: Magic Dart (safe; 1% risk of failure)
Press: ? - help, Q - select action, (/) - cycle Shift-Dir - straight line, f/p - iguana
Aim: an iguana (moderately wounded, 100% to hit)
The magic dart hits the iguana but does no damage.
The iguana is moderately wounded.
The iguana bites you!
Aiming: Magic Dart (safe; 1% risk of failure)
Press: ? - help, Q - select action, (/) - cycle Shift-Dir - straight line, f/p - iguana
Aim: an iguana (moderately wounded, 100% to hit)
The magic dart hits the iguana.
The iguana is severely wounded.
The iguana barely misses you.
Aiming: Magic Dart (safe; 1% risk of failure)
Press: ? - help, Q - select action, (/) - cycle Shift-Dir - straight line, f/p - iguana
Aim: an iguana (severely wounded, 100% to hit)
The magic dart hits the iguana.
The iguana is almost dead.
The iguana bites you!
You die...

.........###
♣.♣.♣.♣....##
.⌠.8.⌠..##..#####
♣.♣.♣.♣.##...#..##
8.∩.8..##.##....#######
♣.♣.♣.♣.)..##...##......
.⌠.8.⌠..#####.....######
♣.♣.♣.♣.# #....### #
......l@# #...## #
...##.### #...# .. ...
#..## . ### #..# #.##
##.# #.## ##.# #.##


You could see an iguana.

Vanquished Creatures
  A necrophage (D:3)
  A howler monkey (D:4)
  3 hounds (D:4)
  3 gnolls (D:3)
  A river rat (D:4)
  4 adders
  2 worms (D:4)
  3 dart slugs
  An orc (D:3)
  2 bats
  5 bat zombies (D:3)
  10 endoplasms
  7 giant cockroaches
  9 goblins
  8 hobgoblins
  4 jackals (D:1)
  4 quokkas
  8 ball pythons
  3 frilled lizards
  4 kobolds
  7 rats
  A rat zombie (D:3)
91 creatures vanquished.

Notes
Turn   | Place    | Note
-------+----------+-------------------------------------------
     0 | D:1      | Arximoufas the Deep Elf Conjurer began the quest for the
                  | Orb.
     0 | D:1      | Reached XP level 1. HP: 10/10 MP: 6/6
   127 | D:1      | Reached XP level 2. HP: 15/15 MP: 1/8
   236 | D:1      | Found Siras's Distillery.
   655 | D:1      | Reached XP level 3. HP: 19/19 MP: 6/10
  1240 | D:2      | Found a faded altar of an unknown god.
  1753 | D:2      | Reached skill level 5 in Conjurations
  2020 | D:3      | Found a sparkling altar of Nemelex Xobeh.
  2107 | D:3      | Reached XP level 4. HP: 24/24 MP: 8/12
  2879 | D:3      | Found an ancient bone altar of Kikubaaqudgha.
  2906 | D:4      | Reached XP level 5. HP: 21/28 MP: 8/14
  2948 | D:4      | Found an iron altar of Okawaru.
  2981 | D:4      | Reached skill level 5 in Spellcasting
  3008 | D:4      | Reached skill level 5 in Stealth
  3034 | D:4      | Found a staircase to the Ecumenical Temple.
  3072 | D:3      | Reached XP level 6. HP: 23/30 MP: 1/16
  3208 | D:4      | Learned a level 2 spell: Poisonous Vapours
  3212 | D:4      | Learned a level 3 spell: Mephitic Cloud
  3391 | Temple   | Entered the Ecumenical Temple
  3937 | D:4      | Found Kusid's General Store.
  3953 | D:4      | Slain by an iguana

Illustrated notes

Levels and vault maps discovered:
D:1:      dpeg_arrival_long_road, layout_loops_cross, serial_shops, shop,
          minmay_misc_feat_encased, minivault_25, hex_tiny
D:2:      layout_loops_ring, shapermc_ecumenical_altar_mp_ritualfount,
          minmay_misc_feat_chi, minivault_27, kennysheep_cross_room
D:3:      layout_basic, lemuel_zombie_altar_kikubaaqudgha,
          nemelex_spade_bored_becter
D:4:      layout_cave_pods, zin_scriptorium, mainiacjoe_overflow_paths,
          minmay_temple_entry_large_hall, gup_sewer_entry_bubbles,
          minmay_shop_grid_forest
Temple:   hellmonk_temple_rainy

Skill      XL: |  1  2  3  4  5  6 |
---------------+-------------------+-----
Stealth        | 3 4 5 |  5.0
Spellcasting   | 4 5 6 |  6.0
Conjurations   | 5 6 |  6.1
Dodging        | |  2.4
Air Magic      | |  0.3
Poison Magic   | |  0.5

Action                     |  1- 3 |  4- 6 || total
---------------------------+-------+-------++-------
  Throw: Dart              |       |     9 ||     9
   Cast: Magic Dart        |    80 |   134 ||   214
    Use: Potion            |     1 |       ||     1
 Armour: Robe              |     2 |     9 ||    11
  Dodge: Dodged            |     9 |    56 ||    65

Table legend: (Time is in decaauts)
 A = Elapsed time spent in this place.
 B = Non-inter-level travel time spent in this place.
 C = Inter-level travel time spent in this place.
 D = Time resting spent in this place.
 E = Time spent auto-exploring this place.
 F = Levels seen in this place.
 G = Mean time per level.
                   A        B        C        D        E       F      G
               +--------+--------+--------+--------+--------+-----+--------+
         Total |   3982 |   3837 |    145 |     30 |   3274 |   5 |  796.4 |
       Dungeon |   3955 |   3821 |    134 |     30 |   3264 |   4 |  988.8 |
        Temple |     27 |     16 |     11 |      0 |     10 |   1 |   27.0 |
               +--------+--------+--------+--------+--------+-----+--------+

Top non-repeatable levels by time:
     D:3: 1136 daAuts
     D:1: 1071 daAuts
     D:4: 909 daAuts
     D:2: 838 daAuts
  Temple: 27 daAuts
